 Dungeon Crawl Stone Soup version 0.23.2-30-g0e89c35649 (webtiles) character file.

Game seed: 10873483725207378917

119 troglodite the Conjurer (level 4, -7/35 HPs)
             Began as a Draconian Conjurer on June 19, 2019.
             Mangled by Sigmund
             ... wielding a +0 scythe
              (8 damage)
             ... on level 2 of the Dungeon.
             The game lasted 00:09:52 (2154 turns).

troglodite the Conjurer (Draconian Conjurer)        Turns: 2154, Time: 00:09:52

Health: -7/35      AC:  5    Str: 10    XL:     4   Next: 73%
Magic:  8/8        EV: 11    Int: 17    God:
Gold:   96         SH:  0    Dex: 11    Spells: 1/8 levels left

rFire    . . .     SeeInvis .   j - +0 mace
rCold    . . .     Gourm    .   i - +0 buckler
rNeg     . . .     Faith    .   (armour unavailable)
rPois    .         Spirit   .   (helmet restricted)
rElec    .         Reflect  .   (no cloak)
rCorr    .         Harm     .   (no gloves)
MR       .....                  (no boots)
Stlth    +.........             (no amulet)
HPRegen  0.11/turn              (no ring)
MPRegen  0.11/turn              (no ring)

@: confused
A: unfitting armour, cold-blooded, AC +5
a: no special abilities


You were on level 2 of the Dungeon.
You were not hungry.

You visited 1 branch of the dungeon, and saw 2 of its levels.

You collected 96 gold pieces.

Inventory:

Hand Weapons
 a - a +0 vampiric dagger
 j - a +0 mace (weapon)
Armour
 i - a +0 buckler (worn)
Scrolls
 c - a scroll of enchant weapon {unknown}
 d - a scroll of magic mapping {unknown}
 e - 2 scrolls of noise {unknown}
 g - 2 scrolls of identify {unknown}
 h - a scroll of remove curse {unknown}
 k - a scroll of random uselessness {unknown}
Potions
 f - a potion of cancellation {unknown}
Comestibles
 b - a ration


   Skills:
 * Level 1.4 Fighting
 + Level 0.6 Maces & Flails
 + Level 2.1 Dodging
 + Level 1.8 Stealth
 * Level 0.8 Shields
 * Level 2.6 Spellcasting
 * Level 5.0 Conjurations


You had one spell level left.
You knew the following spells:

 Your Spells              Type           Power        Failure   Level  Hunger
a - Magic Dart            Conj           ###.         3%          1    #......
b - Searing Ray           Conj           ###...       4%          2    ##.....
c - Fulminant Prism       Conj/Hex       ##........   67%         4    #####..

Your spell library contained the following spells:

 Spells                   Type           Power        Failure   Level  Hunger
 Dazzling Spray           Conj/Hex       ##....       28%         3    ###....
 Iskenderun's Mystic Bla  Conj           ###.....     32%         4    #####..
 Force Lance              Conj/Tloc      ##......     67%         4    #####..


Dungeon Overview and Level Annotations

Branches:
Dungeon (2/15)

Altars:
Nemelex Xobeh

Annotations:
D:2 Sigmund


Innate Abilities, Weirdness & Mutations

Your plain brown scales are hard. (AC +5)
You cannot fit into any form of body armour.
You are cold-blooded and may be slowed by cold attacks.


Message History

You hit something.
You hear some strange, mumbled words.
A puff of flame appears from out of thin air!
The puff of flame hits you! Something hits you.
You miss something.
You hear a zap.
A puff of flame appears from out of thin air!
The puff of flame misses you.
You closely miss something. You tail-slap something.
You hear a zap.
A puff of flame appears from out of thin air!
The puff of flame hits you!
* * * LOW HITPOINT WARNING * * *
You barely miss something.
Your tail-slap misses something.
Something hits you.
* * * LOW HITPOINT WARNING * * *
You miss something.
You hear some strange, mumbled words.
You are confused.
You bump into the rock wall.
Something hits you!
You die...

#### ...###############
.#.......>.......#
_..#############.############
.##### #@#..........# .....#
#.{.......##.# ####.#
###.#####.##.# #.# #.# #.##.#
#.#############.# ##.##.#####
#.....†...{.....####..........
#.#############{......##.#####
.###.# #)#####.##.# ....[# #<#
#.##.#


There were no monsters in sight!

Vanquished Creatures
  An ogre (D:2)
  An adder (D:2)
  2 dart slugs (D:1)
  A ball python (D:1)
  A giant cockroach (D:1)
  4 goblins (D:1)
  2 hobgoblins
  4 bats
  5 kobolds
  3 rats (D:1)
24 creatures vanquished.

Notes
Turn   | Place    | Note
-------+----------+-------------------------------------------
     0 | D:1      | troglodite the Draconian Conjurer began the quest for the
                  | Orb.
     0 | D:1      | Reached XP level 1. HP: 14/14 MP: 3/3
   142 | D:1      | Reached XP level 2. HP: 16/20 MP: 0/5
   304 | D:1      | Learned a level 2 spell: Searing Ray
   951 | D:2      | Reached XP level 3. HP: 18/27 MP: 2/6
  1129 | D:2      | Noticed Sigmund
  1375 | D:2      | Noticed an ogre
  1422 | D:2      | Found a sparkling altar of Nemelex Xobeh.
  1756 | D:2      | Killed an ogre
  1756 | D:2      | Reached skill level 1 in Fighting
  1756 | D:2      | Reached skill level 5 in Conjurations
  1756 | D:2      | Reached XP level 4. HP: 7/35 MP: 2/8
  2015 | D:1      | Learned a level 4 spell: Fulminant Prism
  2152 | D:2      | HP: 1/35 [something (4)]
  2154 | D:2      | Mangled by Sigmund

Skill      XL: |  1  2  3 |
---------------+----------+-----
Fighting       | 1 |  1.4
Dodging        | 2 |  2.1
Conjurations   | 5 |  5.0
Maces & Flails | |  0.6
Stealth        | |  1.8
Shields        | |  0.8
Spellcasting   | |  2.6

Action                   |  1- 3 |  4- 6 || total
-------------------------+-------+-------++-------
Melee: Club              |    20 |       ||    20
       Tailslap          |     1 |     1 ||     2
       Unarmed           |     1 |       ||     1
       Mace              |    11 |     6 ||    17
 Cast: Magic Dart        |    31 |       ||    31
       Searing Ray       |     3 |     1 ||     4
  Eat: Ration            |     1 |       ||     1
       Chunk             |     1 |       ||     1
Armor: Skin              |    18 |     1 ||    19
Dodge: Dodged            |    39 |     1 ||    40
Block: Buckler           |     2 |     1 ||     3
